AoeStats
← KevuJr

Arabia

509995552Analyzed
1v1 RM · 3d ago on Sep 29, 2026· 34m 17s· 2 players
Game mode
Random Map
Map size
Tiny (2 player)
Population
200
Speed
Normal
Resources
Standard
Victory
Conquest
Starting age
Dark Age
Ending age
Imperial Age
RankedLock teamsTeams togetherTeam positionsShared explorationLock speedFull tech treeHidden civsTurbo modeCheats
Victory
Defeat
🇮🇹 Dravidians · Italy
1319
+17
🇦🇷 Khmer · Argentina
1351
-17
KevuJr
7:09 Loom
9:49 Feudal Age
14:50 Castle Age
13:40 Double-Bit Axe
15:49 Town Watch
22:20 Horse Collar
25:02 Fletching
25:50 Bloodlines
26:52 Ballistics
26:43 Bodkin Arrow
27:59 Padded Archer Armor
29:36 Wheelbarrow
29:52 Leather Archer Armor
31:19 Scale Barding Armor
31:45 Town Patrol
32:50 Chain Barding Armor
34:13 Forging
Bidello
6:31 Loom
9:19 Feudal Age
9:27 Man-at-Arms
10:01 Double-Bit Axe
19:20 Castle Age
17:43 Horse Collar
18:54 Fletching
19:06 Scale Mail Armor
19:45 Forging
19:31 Pikeman
20:26 Long Swordsman
21:54 Squires
22:40 Chain Mail Armor
22:47 Arson
24:22 Bow Saw
26:24 Sanctity
27:14 Heavy Plow
29:21 Iron Casting
30:19 Wheelbarrow
29:43 Fletching
29:54 Padded Archer Armor
30:55 Bodkin Arrow
30:25 Elite Skirmisher
Connection lost

Rejoining the realm…

Still unreachable

The connection could not be restored.

Session expired

The server has moved on; the page needs a fresh start.